Map: Automaton LE

Players

Tiffany

  • Race: Zerg Zerg
  • League: Diamond
  • Spawn Location: 3:00

Alexey - Winner!

  • Race: Terran Terran
  • League: Diamond
  • Spawn Location: 9:00

VOD

Have the link to the VOD?

Description

Time

  • Played on: Feb. 12, 2019, 5:34 a.m.
  • Length: 35:40
Show
View Real Time Build Order
Export as new Build Order

Tiffany Zerg 

Build Orders: Hatch First 

Get SALT Encoding   

  12  0:01  Drone  
  13  0:14  Overlord  
  13  0:22  Drone  
  14  0:33  Drone x2  
  16  0:37  Drone  
  17  0:55  Hatchery  
  16  0:57  Drone  
  16  1:02  Drone  
  18  1:12  Extractor  
  18  1:17  Spawning Pool  
  16  1:20  Drone  
  16  1:23  Drone  
  18  1:31  Drone  
  19  1:41  Overlord  
  19  1:53  Drone  
  20  2:05  Queen  
  20  2:07  Queen  
  20  2:08  Zergling x4  
  26  2:12  Metabolic Boost  
  26  2:15  Drone  
  27  2:21  Drone  
  28  2:24  Drone  
  29  2:33  Drone  
  30  2:45  Drone  
  30  2:46  Drone  
  30  2:48  Hatchery  
  31  2:53  Drone x2  
  33  3:07  Drone x3  
  36  3:17  Overlord  
  36  3:18  Overlord  
  36  3:30  Queen, Extractor  
  36  3:31  Extractor  
  36  3:40  Drone x6  
  42  3:45  Drone  
  42  3:46  Drone x2  
  42  3:47  Drone  
  47  3:48  Drone x2  
  48  4:00  Drone  
  48  4:02  Drone x3  
  52  4:10  Drone  
  52  4:11  Evolution Chamber  
  52  4:13  Queen  
  54  4:18  Roach Warren, Evolution Chamber  
  54  4:22  Lair  
  51  4:32  Drone x6  
  51  4:34  Overlord  
  57  4:43  Zerg Missile Weapons Level 1  
  57  4:46  Zergling x2  
  57  4:47  Overlord x2  
  57  4:49  Overlord  
  58  4:57  Zergling x10  
  58  4:58  Zergling x2  
  64  5:01  Overlord  
  59  5:19  Drone x3  
  59  5:20  Drone x5  
  64  5:21  Queen  
  64  5:27  Zerg Ground Armor Level 1  
  64  5:28  Glial Reconstitution  
  65  5:47  Roach  
  65  5:48  Roach x7  
  65  5:49  Roach  
  76  6:03  Roach x5  
  76  6:04  Roach x2  
  88  6:17  Drone x2  
  86  6:18  Spore Crawler  
  86  6:19  Queen  
  86  6:21  Spore Crawler  
  82  6:31  Spore Crawler x3  
  74  6:36  Spore Crawler  
  71  6:40  Spore Crawler x2  
  69  6:53  Queen  
  63  6:55  Queen  
  63  6:56  Drone x3  
  62  7:16  Drone x7  
  65  7:29  Queen  
  63  7:39  Drone x2  
  63  7:40  Drone x5  
  63  7:41  Drone x4  
  63  7:43  Drone x3  
  71  7:49  Drone x3  
  70  7:58  Extractor  
  65  8:02  Drone  
  65  8:03  Spore Crawler, Drone x3  
  65  8:04  Spore Crawler  
  65  8:06  Drone x2  
  65  8:09  Zerg Missile Weapons Level 2  
  65  8:21  Queen  
  65  8:27  Roach  
  65  8:28  Roach x7  
  81  8:52  Roach x8  
  97  8:57  Extractor  
  97  8:59  Extractor  
  95  9:08  Overlord  
  95  9:09  Overlord x4  
  95  9:16  Overlord x3  
  95  9:35  Hydralisk Den  
  94  9:39  Roach x2  
  94  9:40  Zerg Ground Armor Level 2, Spire, Roach x5  
  94  9:41  Tunneling Claws  
  94  9:43  Burrow  
  107  9:47  Drone  
  107  9:49  Drone x3  
  107  9:50  Drone  
  112  9:57  Drone  
  113  10:07  Hatchery, Grooved Spines  
  106  10:25  Roach x4  
  106  10:26  Roach x5  
  90  10:39  Roach x3  
  90  10:40  Roach x6  
  108  10:59  Infestation Pit  
  108  11:00  Zergling x24  
  119  11:15  Evolution Chamber  
  119  11:16  Hydralisk x6  
  130  11:18  Muscular Augments  
  130  11:19  Queen  
  132  11:29  Baneling Nest  
  132  11:32  Drone x2, Nydus Network  
  132  11:33  Drone  
  132  11:34  Drone x2  
  135  11:40  Hive  
  135  11:50  Zerg Melee Weapons Level 1  
  135  11:58  Overlord x2  
  135  11:59  Overlord x2  
  135  12:00  Zergling x4, Roach  
  141  12:01  Roach  
  141  12:04  Drone x2  
  141  12:07  Roach  
  141  12:08  Drone x2  
  147  12:09  Drone  
  147  12:10  Drone  
  140  12:44  Hydralisk x5, Roach x5  
  140  12:45  Hydralisk x5  
  168  12:56  Pneumatized Carapace  
  168  12:57  Zerg Missile Weapons Level 3  
  168  12:58  Zerg Ground Armor Level 3  
  167  13:06  Corruptor x2  
  171  13:30  Hydralisk x5, Corruptor  
  171  13:31  Overlord  
  171  13:32  Overlord x4  
  183  13:40  Drone  
  184  13:47  Zerg Flyer Weapons Level 1  
  184  13:49  Corruptor x3  
  184  13:52  Extractor  
  184  13:53  Extractor  
  188  14:04  Roach x8  
  188  14:06  Roach x15  
  188  14:07  Corruptor x3  
  188  14:08  Corruptor  
  194  14:29  Corruptor x3  
  180  14:33  Drone x3  
  180  14:34  Drone x3  
  180  14:35  Drone x3  
  180  14:36  Drone  
  180  14:38  Hydralisk x2  
  168  14:39  Hydralisk  
  170  14:56  Spine Crawler  
  170  14:57  Spine Crawler  
  168  15:01  Spine Crawler x2  
  168  15:02  Corruptor x3  
  168  15:06  Hydralisk  
  174  15:09  Roach x3  
  174  15:10  Roach x3  
  174  15:11  Zergling x2, Roach  
  174  15:12  Zergling x2  
  190  15:26  Hydralisk x5  
  198  15:46  Hydralisk x3  
  162  16:04  Hydralisk  
  162  16:05  Hydralisk x9  
  162  16:06  Hydralisk  
  178  16:15  Zergling x2  
  178  16:16  Zergling x24  
  187  16:26  Hydralisk  
  187  16:27  Hydralisk x3  
  179  16:46  Roach x10  
  147  16:55  Hydralisk x4  
  147  16:58  Queen  
  157  17:10  Corruptor x2  
  157  17:11  Corruptor  
  157  17:13  Zergling x4  
  157  17:14  Zergling x4  
  167  17:26  Zerg Melee Weapons Level 2  
  167  17:29  Roach x5  
  177  17:55  Corruptor x3  
  177  17:56  Corruptor x3  
  130  18:23  Hydralisk  
  130  18:25  Roach x5  
  130  18:26  Roach x10  
  144  18:52  Roach x4  
  144  18:53  Roach x9  
  166  19:22  Greater Spire  
  166  19:26  Extractor  
  166  19:27  Extractor  
  166  19:30  Hatchery  
  129  19:54  Hatchery  
  129  19:56  Extractor x2  
  126  20:18  Hatchery, Extractor  
  126  20:20  Extractor  
  125  20:26  Zerg Melee Weapons Level 3  
  125  20:27  Extractor x2  
  121  20:29  Hatchery  
  120  20:53  Drone x3  
  120  20:54  Drone x2  
  120  20:55  Drone  
  120  20:56  Drone x2  
  129  20:57  Drone x2  
  129  20:58  Drone x2  
  129  20:59  Drone x7  
  129  21:00  Drone x3  
  129  21:02  Drone x3  
  129  21:03  Drone x5  
  150  21:06  Hydralisk  
  150  21:07  Hydralisk x4  
  160  21:15  Hydralisk x2  
  160  21:17  Hydralisk  
  166  21:34  Roach x6  
  166  21:35  Roach x11  
  166  21:42  Ultralisk Cavern, Drone x2  
  166  21:43  Drone x4  
  166  21:46  Drone x5  
  176  21:47  Queen  
  176  21:48  Queen  
  176  21:51  Queen  
  182  22:05  Hydralisk  
  182  22:06  Hydralisk x7  
  184  22:14  Roach  
  184  22:15  Roach x4  
  174  22:17  Roach  
  176  22:36  Ultralisk  
  194  22:37  Ultralisk x2  
  194  22:42  Queen  
  197  22:51  Zergling x8  
  197  22:52  Roach  
  197  22:57  Chitinous Plating  
  200  23:02  Zerg Flyer Weapons Level 2  
  200  23:18  Baneling  
  200  23:19  Baneling x7  
  174  24:03  Ultralisk x4  
  198  24:16  Anabolic Synthesis  
  198  24:23  Roach x5  
  198  24:30  Roach  
  192  24:50  Hydralisk  
  192  24:51  Hydralisk x4  
  196  25:27  Spine Crawler  
  196  25:28  Spine Crawler  
  188  25:29  Spine Crawler  
  188  25:32  Spore Crawler x2, Spine Crawler  
  188  25:35  Spore Crawler  
  173  25:38  Hydralisk  
  173  25:39  Hydralisk x12  
  199  25:44  Spore Crawler  
  174  25:57  Hydralisk  
  174  25:58  Hydralisk x17  
  174  25:59  Hydralisk x5  
  194  26:06  Spore Crawler  
  189  26:26  Hydralisk  
  189  26:27  Ultralisk x2  
  189  26:28  Ultralisk  
  179  26:38  Ultralisk x5  
  195  26:56  Zergling x2  
  195  26:57  Zergling x8  
  195  26:59  Adrenal Glands  
  200  27:01  Zerg Flyer Weapons Level 3  
  200  27:13  Overlord x4  
  200  27:14  Overlord  
  200  27:18  Overseer x4  
  200  28:04  Nydus Canal  
  200  28:24  Nydus Canal  
  199  28:56  Hydralisk  
  193  29:09  Hydralisk x10  
  160  29:10  Hydralisk x18  
  160  29:11  Hydralisk x5  
  160  29:12  Hydralisk x2  
  160  29:13  Hydralisk x2  
  160  29:15  Hydralisk x7  
  160  29:16  Hydralisk x2  
  199  29:43  Hydralisk x5  
  187  30:03  Ultralisk  
  187  30:04  Ultralisk  
  187  30:06  Overseer  
  197  30:20  Zergling x2  
  197  30:21  Zergling x12  
  164  30:53  Hydralisk x12  
  164  30:54  Hydralisk x15  
  183  30:59  Hydralisk x6  
  183  31:00  Hydralisk x5  
  199  31:10  Hydralisk  
  178  31:25  Hydralisk x14  
  163  31:26  Hydralisk x6  
  163  31:27  Zergling x2  
  163  31:28  Zergling x4  
  154  31:40  Corruptor x3  
  154  31:43  Zergling x2  
  154  31:44  Zergling x42  
  176  31:59  Zergling x16  
  176  32:00  Zergling x28  
  125  32:16  Spore Crawler x2  
  125  32:17  Spore Crawler  
  125  32:21  Zergling x30  
  125  32:22  Zergling x40  
  112  32:49  Corruptor  
  112  32:50  Corruptor x6  
  119  33:02  Corruptor x3  
  119  33:04  Corruptor  
  126  33:09  Corruptor  
  126  33:12  Corruptor  
  123  33:23  Zergling x4  
  123  33:24  Zergling x14  
  121  33:31  Corruptor x2  
  125  33:37  Corruptor  
  95  33:55  Spawning Pool  
  85  34:20  Corruptor x2  
  85  34:21  Corruptor x6  
  98  34:33  Drone  
  88  34:47  Hatchery  
  87  34:55  Zergling x2  
  87  34:56  Zergling x6  
  89  35:05  Drone x44  
Show
View Real Time Build Order
Export as new Build Order

Alexey Terran - Winner!

Build Orders:  

Get SALT Encoding   

  12  0:00  SCV  
  13  0:13  SCV  
  14  0:19  Supply Depot  
  14  0:25  SCV  
  15  0:40  SCV  
  15  0:42  Barracks  
  16  0:52  Refinery  
  16  0:53  SCV  
  17  1:05  SCV  
  18  1:29  Marine  
  18  1:30  Orbital Command  
  19  1:42  Command Center  
  19  1:47  Marine  
  20  1:58  Bunker  
  20  2:00  SCV  
  21  2:12  Factory  
  21  2:15  Barracks Reactor  
  21  2:22  Supply Depot  
  21  2:34  SCV  
  22  2:37  Refinery  
  22  2:42  Supply Depot  
  22  2:47  SCV  
  23  2:56  Orbital Command  
  23  3:08  Hellion  
  23  3:09  Hellion  
  23  3:10  SCV  
  28  3:19  Starport  
  28  3:24  SCV x2  
  30  3:30  Marine  
  30  3:33  Hellion  
  33  3:36  Hellion  
  33  3:38  SCV  
  36  3:41  SCV  
  37  3:52  SCV  
  38  3:56  Supply Depot  
  38  4:01  SCV  
  39  4:05  Fusion Core  
  39  4:06  Starport Tech Lab  
  39  4:09  SCV  
  40  4:12  Hellion  
  40  4:13  Hellion  
  44  4:19  SCV  
  44  4:22  Marine  
  46  4:25  Refinery  
  46  4:26  SCV  
  47  4:44  SCV x2  
  49  4:48  Supply Depot  
  49  4:52  Battlecruiser  
  55  4:56  SCV  
  55  4:59  Supply Depot  
  56  5:20  Hellion x2  
  56  5:21  SCV x2  
  62  5:25  Weapon Refit  
  62  5:33  SCV x2, Supply Depot  
  64  5:39  Factory  
  64  5:41  Widow Mine  
  64  5:42  Command Center, Widow Mine  
  64  6:13  Marine  
  65  6:30  Widow Mine x2  
  65  6:31  Battlecruiser  
  75  6:37  Marine  
  75  6:38  SCV x2  
  78  6:42  Factory Tech Lab  
  78  6:50  SCV  
  75  6:54  Marine  
  68  7:19  Widow Mine  
  68  7:20  Siege Tank  
  66  7:23  Widow Mine  
  66  7:29  SCV x2  
  68  7:41  SCV x2  
  72  7:44  Hellion  
  70  7:52  Siege Tank  
  72  8:05  Hellion  
  72  8:07  Starport Tech Lab  
  72  8:24  Siege Tank  
  77  8:27  Hellion  
  77  8:29  SCV x2  
  77  8:33  Orbital Command  
  80  8:41  SCV x2  
  83  8:48  Hellion  
  83  8:53  SCV x2  
  85  9:04  Hellion  
  85  9:05  SCV x2  
  85  9:10  Hellion  
  85  9:12  Refinery  
  85  9:20  Factory  
  85  9:23  Factory  
  85  9:26  SCV x2, Siege Tank  
  85  9:28  Medivac  
  85  9:31  Hellion, Orbital Command  
  94  9:34  Starport  
  94  9:36  Starport  
  94  9:54  Armory  
  94  9:55  Armory x2, SCV x2  
  94  9:57  Marine  
  97  10:03  SCV  
  98  10:07  SCV x2  
  100  10:14  Starport Tech Lab  
  100  10:15  Starport Reactor, SCV  
  100  10:16  Factory Tech Lab x2  
  100  10:20  Marine  
  100  10:21  SCV  
  95  10:38  Marine, SCV x3  
  95  10:42  Hellbat  
  101  10:49  Supply Depot  
  101  10:51  Supply Depot x2  
  101  10:53  Refinery, Supply Depot  
  101  10:55  Refinery, Supply Depot  
  101  10:56  Terran Vehicle Weapons Level 1, Terran Ship Weapons Level 1  
  101  10:58  Supply Depot  
  101  11:04  Supply Depot x2  
  101  11:05  Supply Depot  
  101  11:11  Hellbat, Marine, Siege Tank  
  107  11:13  Siege Tank  
  107  11:14  Hellbat  
  107  11:15  Supply Depot  
  107  11:17  Medivac x2, Viking  
  118  11:19  Supply Depot  
  118  11:20  SCV x3  
  121  11:28  Marine  
  121  11:30  Command Center, Terran Vehicle And Ship Armor Level 1  
  121  11:32  SCV  
  125  11:33  Command Center, Hellbat  
  125  11:36  Hellbat  
  127  11:41  Viking  
  127  11:42  SCV x2  
  127  11:43  Hellbat  
  127  11:44  SCV  
  127  11:45  Hellbat  
  136  11:47  Supply Depot  
  138  11:54  Hellbat  
  138  12:03  SCV  
  138  12:04  SCV x2  
  138  12:05  Factory Tech Lab  
  138  12:07  Siege Tank x2  
  147  12:09  Medivac, Viking  
  147  12:10  Medivac  
  153  12:22  Siege Tank  
  156  12:23  Viking  
  155  12:45  SCV x2  
  155  12:46  SCV  
  155  12:50  Siege Tank x2  
  166  12:51  Hellbat  
  166  12:54  Hellbat  
  168  13:02  Terran Vehicle Weapons Level 2, Terran Ship Weapons Level 2  
  170  13:13  Hellbat  
  170  13:29  Raven  
  172  13:36  Orbital Command  
  172  13:42  Engineering Bay  
  172  13:48  Raven  
  172  13:50  SCV x2  
  176  13:57  Terran Vehicle And Ship Armor Level 2  
  176  14:01  Viking  
  176  14:02  Viking  
  180  14:06  SCV x3  
  180  14:09  SCV  
  184  14:13  Missile Turret  
  184  14:18  SCV  
  170  14:39  SCV x4  
  174  14:49  Planetary Fortress  
  174  14:51  SCV x3  
  177  14:53  Missile Turret  
  177  14:56  Missile Turret, Viking x2  
  177  14:57  Raven x2  
  185  15:05  SCV x3  
  188  15:15  Missile Turret  
  188  15:25  Missile Turret  
  188  15:26  Missile Turret, Viking x2  
  188  15:28  Missile Turret  
  192  15:40  Viking x2  
  196  15:56  Viking x2  
  170  16:15  Thor x2  
  170  16:16  Hellbat  
  170  16:17  Hellbat  
  186  16:25  Viking  
  188  16:30  Viking  
  188  16:38  Hellbat  
  155  16:56  Siege Tank  
  155  16:58  Viking, Siege Tank  
  155  16:59  Hellbat x2  
  167  17:06  Command Center  
  167  17:07  Command Center  
  167  17:14  Marine  
  168  17:15  Viking  
  168  17:16  Viking  
  168  17:20  Refinery, Hellbat  
  168  17:21  Refinery  
  174  17:29  Missile Turret  
  174  17:31  Missile Turret  
  174  17:32  Marine  
  174  17:33  Siege Tank  
  174  17:34  Command Center  
  174  17:35  Hellbat x2  
  182  17:41  Hellbat  
  184  17:50  Marine  
  185  18:08  Marine  
  88  18:54  Siege Tank x2  
  88  18:55  Hellbat x2  
  98  18:56  Viking x4  
  104  19:08  Command Center, SCV x3  
  107  19:13  Terran Vehicle Weapons Level 3  
  107  19:18  Marine  
  107  19:20  Hellbat x2  
  112  19:24  SCV  
  112  19:25  SCV  
  112  19:26  Hellbat, Viking x2  
  112  19:27  Hellbat, Supply Depot  
  112  19:31  Supply Depot x2  
  122  19:34  Supply Depot  
  122  19:35  Planetary Fortress  
  122  19:36  Missile Turret, Marine  
  123  19:41  Hellbat  
  104  19:57  Medivac  
  104  19:58  Medivac, Viking x2  
  104  19:59  Marine  
  110  20:01  Hellbat  
  110  20:02  Hellbat x2  
  110  20:03  Hellbat  
  110  20:07  SCV x3  
  121  20:17  Marine  
  122  20:23  Hellbat x2, Siege Tank  
  122  20:24  Hellbat  
  131  20:29  Refinery  
  131  20:31  Refinery  
  131  20:34  Terran Vehicle And Ship Armor Level 3  
  131  20:40  SCV x2  
  131  20:41  SCV  
  134  20:44  Hellbat  
  134  20:47  Sensor Tower  
  136  20:52  Siege Tank  
  136  20:55  Hellbat x2  
  143  20:57  Viking x2  
  143  21:02  Supply Depot  
  147  21:06  Hellbat  
  147  21:10  Viking x2  
  153  21:19  Command Center  
  153  21:25  Terran Ship Weapons Level 3  
  153  21:27  Hellbat x2  
  153  21:28  Hellbat x2  
  153  21:32  SCV x3  
  164  21:39  Command Center  
  164  21:41  Viking  
  164  21:42  Viking  
  164  21:44  Viking  
  170  21:47  SCV x3  
  170  21:49  Hellbat x4  
  178  22:08  SCV x4  
  173  22:16  Siege Tank x2  
  173  22:18  Hellbat x2  
  173  22:19  Viking x3  
  173  22:20  SCV, Viking  
  173  22:21  SCV x2  
  194  22:23  SCV x2  
  196  22:32  Sensor Tower  
  196  22:33  SCV x2  
  196  22:34  SCV  
  199  22:46  Supply Depot  
  199  22:49  Supply Depot  
  199  22:56  Missile Turret  
  199  23:02  Missile Turret  
  199  23:17  Supply Depot  
  199  23:27  Command Center  
  199  23:33  Hi-Sec Auto Tracking  
  199  23:34  SCV  
  195  24:09  Hellbat x2  
  199  24:30  Neosteel Armor  
  197  25:10  Planetary Fortress  
  187  25:38  Battlecruiser  
  187  25:39  Battlecruiser  
  139  26:04  Thor  
  139  26:05  Thor x2  
  157  26:15  Viking x2  
  148  26:39  Siege Tank  
  146  26:43  Battlecruiser x2  
  146  26:45  Viking  
  160  26:48  Hellbat x2  
  164  26:57  Factory  
  164  26:58  Planetary Fortress, Factory  
  164  27:00  Factory  
  164  27:03  SCV x2  
  166  27:15  Siege Tank  
  166  27:16  Thor x2, Siege Tank  
  166  27:18  Viking x2  
  188  27:25  Refinery  
  188  27:27  Refinery  
  188  27:32  Starport  
  188  27:47  Raven x2  
  192  27:51  Siege Tank x2  
  198  28:00  Hellbat  
  130  29:12  Thor x2  
  130  29:13  Hellbat  
  130  29:14  Hellbat x4  
  141  29:34  Battlecruiser  
  141  29:35  Hellbat x4, Battlecruiser, Starport Tech Lab  
  141  29:36  Hellbat  
  160  29:51  Viking x2  
  164  30:03  Siege Tank  
  164  30:04  Hellbat x3  
  164  30:05  Hellbat x2  
  135  31:03  Hellbat x2  
  135  31:04  Hellbat x3  
  111  31:42  Hellbat x3  
  111  31:43  Hellbat x4, Viking  
  111  31:44  Viking x3  
  107  32:16  Siege Tank x2  
  107  32:17  Hellbat x5  
  115  32:28  Viking x3  
  104  32:38  Hellbat x4  
  104  32:39  Hellbat  
  106  32:54  Viking x2  
  106  32:56  Hellbat x2  
  104  33:29  Viking  
  104  33:31  Hellbat x5  
  116  33:49  Hellion x2  
  114  34:10  SCV x2  
  114  34:11  SCV x2  
  114  34:14  Missile Turret  
  118  34:17  Refinery  
  118  34:21  Refinery  
  118  34:28  Hellbat x3  
  124  34:47  SCV x2  
  124  34:51  Missile Turret  
  126  35:03  Command Center  
Tags
 
Add a new tag
Caveats
  • Supply blocks, unpowered buildings, or Contaminate may cause inaccurate times.
  • Supply counts are checked every 10 seconds.